 Dungeon Crawl Stone Soup version 0.19.5 (webtiles) character file.

51 Jumperg the Skirmisher (level 3, 0/29 HPs)
             Began as a Demonspawn Abyssal Knight on May 17, 2017.
             Was a Follower of Lugonu.
             Slain by a giant cockroach (1 damage)
             ... on level 2 of the Dungeon.
             The game lasted 00:15:10 (1374 turns).

Jumperg the Skirmisher (Demonspawn Abyssal Knight)  Turns: 1374, Time: 00:15:11

Health: 0/29       AC:  6    Str: 13    XL:     3   Next: 58%
Magic:  5/5        EV: 12    Int: 13    God:    Lugonu [*.....]
Gold:   50         SH:  0    Dex: 12    Spells: 0 memorised, 2 levels left

rFire  + . .     SeeInvis .     o - +0 war axe
rCold  . . .     Gourm    .     b - +0 leather armour
rNeg   . . .     Faith    .     (no shield)
rPois  .         Spirit   .     (no helmet)
rElec  .         Reflect  .     (no cloak)
rCorr  .         Harm     .     (no gloves)
MR     .....                    m - +0 pair of boots
Stlth  +.........               (no amulet)
                                (no ring)
                                (no ring)

@: no status effects
A: molten scales 1, fire resistance 1
a: Depart the Abyss, Renounce Religion


You were on level 2 of the Dungeon.
You worshipped Lugonu.
Lugonu was aware of your devotion.
You were near starving.

You visited 1 branch of the dungeon, and saw 2 of its levels.
You visited the Abyss 1 time.

You collected 50 gold pieces.

Inventory:

Hand Weapons
 a - a +1 hand axe
 o - a +0 war axe (weapon)
Missiles
 e - 33 stones (quivered)
 k - a throwing net
 l - 13 poisoned needles
 p - 21 sling bullets
Armour
 b - a +0 leather armour (worn)
 m - a +0 pair of boots (worn)
Jewellery
 i - a +4 ring of strength {unknown}
 q - an uncursed ring of stealth {unknown}
Scrolls
 g - a scroll of blinking {unknown}
 j - a scroll of identify {unknown}
 n - a scroll of fear {unknown}
 r - a scroll of enchant armour {unknown}
Potions
 f - 2 potions of lignification {unknown}
 h - a potion of curing {unknown}
Books
 d - a book of Air

   Spells                             Type                      Level
   a - Shock                          Conjuration/Air              1
   b - Swiftness                      Charms/Air                   2
   c - Repel Missiles                 Charms/Air                   2
   d - Static Discharge               Conjuration/Air              3
   e - Lightning Bolt                 Conjuration/Air              5
Comestibles
 c - a bread ration


   Skills:
 + Level 3.5 Fighting
 * Level 1.9 Axes
 - Level 1.0 Throwing
 - Level 1.8 Armour
 + Level 1.7 Dodging
 + Level 3.0 Invocations


You had 2 spell levels left.
You didn't know any spells.

Dungeon Overview and Level Annotations

Branches:
Dungeon (2/15)

Altars:
Vehumet


Innate Abilities, Weirdness & Mutations

You are partially covered in molten scales. (AC +2)
Your flesh is heat resistant. (rF+)


Message History

You slash the giant cockroach!
You kill the giant cockroach!
Lugonu accepts your kill. The giant cockroach barely misses you.
You slash the giant cockroach!
You kill the giant cockroach!
Lugonu accepts your kill. The hobgoblin hits you with a club.
* * * LOW HITPOINT WARNING * * *
You hit the hobgoblin.
The hobgoblin is almost dead.
The hobgoblin closely misses you.
You slash the hobgoblin!
You kill the hobgoblin!
Lugonu accepts your kill.
The giant cockroach bites you but does no damage.
You barely miss the giant cockroach. The giant cockroach misses you.
The giant cockroach closely misses you.
You barely miss the giant cockroach. The giant cockroach bites you.
You die...

##......## #...
#..).ss..# #...
#...gs?..# #...
#....s.s.# #...
.(.s%..?# #... ...)..#
###... #. #....#
#####.....
#..#†#########.........
#...s@................
########...≈..≈......≈
####≈P..≈≈≈≈P≈≈
####≈≈≈≈≈≈P≈≈≈≈≈≈
≈≈≈≈≈≈≈≈≈≈≈≈≈≈≈≈≈
#≈≈≈≈≈≈≈≈≈≈≈P≈≈.≈
######≈.≈≈.≈.P..
#......(.......)
#.####.#.######)


You could see a giant cockroach.

Vanquished Creatures
  An adder (D:2)
  A worm (D:2)
  A leopard gecko (D:1)
  A ball python (D:1)
  11 giant cockroaches
  4 goblins
  A hobgoblin (D:2)
  5 kobolds
  4 bats
  2 frilled lizards (D:1)
  3 rats
34 creatures vanquished.

Notes
Turn   | Place    | Note
-------+----------+-------------------------------------------
     0 | Abyss:1  | Jumperg the Demonspawn Abyssal Knight began the quest for the Orb.
     0 | Abyss:1  | Reached XP level 1. HP: 18/18 MP: 2/2
    57 | Abyss:2  | Noticed an orange demon
    79 | Abyss:2  | Noticed a worldbinder
    80 | Abyss:2  | Noticed a yaktaur
    80 | Abyss:2  | Noticed a vault sentinel
    80 | D:1      | Escaped the Abyss
   181 | D:1      | Reached skill level 1 in Dodging
   195 | D:1      | Gained mutation: You are partially covered in molten scales. (AC +2) [demonic ancestry]
   195 | D:1      | Reached XP level 2. HP: 14/24 MP: 3/3
   211 | D:1      | Reached * piety under Lugonu
  1256 | D:2      | Gained mutation: Your flesh is heat resistant. (rF+) [demonic ancestry]
  1256 | D:2      | Reached XP level 3. HP: 21/29 MP: 5/5
  1291 | D:2      | Found a radiant altar of Vehumet.
  1343 | D:2      | Reached skill level 1 in Throwing
  1370 | D:2      | HP: 1/29 [hobgoblin/club (2)]
  1374 | D:2      | Slain by a giant cockroach

Skill      XL: |  1  2  3 |
---------------+----------+-----
Dodging        | 1 |  1.7
Throwing       | 1 |  1.0
Invocations    | 3 |  3.0
Fighting       | |  3.5
Axes           | |  1.9
Armour         | |  1.8

Action                   || total
-------------------------++-------
Melee: Hand axe          ||    62
       War axe           ||    57
Throw: Stone             ||    91
Invok: Depart the Abyss  ||     1
Armor: Leather armour    ||    39
Dodge: Dodged            ||    86
